 Dungeon Crawl Stone Soup version 0.27-a0-1105-g946c659c87 (webtiles) character file.

Game seed: 4099345283267317536

84 kae the Skirmisher (level 4, -2/37 HPs)
             Began as a Formicid Abyssal Knight on Apr 29, 2021.
             Was a Believer of Lugonu.
             Killed by divine providence
             ... invoked by an orc priest
              (13 damage)
             ... on level 2 of the Dungeon.
             The game lasted 00:01:17 (1963 turns).

kae the Skirmisher (Formicid Abyssal Knight)        Turns: 1963, Time: 00:01:18

Health: -2/37      AC:  3    Str: 18    XL:     4   Next: 72%
Magic:  6/6        EV: 11    Int: 11    God:    Lugonu [**....]
Gold:   75         SH:  0    Dex: 10    Spells: 3/3 levels left

rFire    . . .     SeeInvis +   a - +1 falchion
rCold    . . .     Faith    .   (no shield)
rNeg     . . .     Spirit   .   b - +0 leather armour
rPois    .         Reflect  .   (helmet unavailable)
rElec    .         Harm     .   (no cloak)
rCorr    .         Rampage  .   (no gloves)
Will     .....                  (no boots)
Stlth    +.........             (no amulet)
HPRegen  0.12/turn              (no ring)
MPRegen  0.10/turn              (no ring)

@: attractive
A: permanent stasis, dig shafts and tunnels, antennae 3, four strong arms
a: Dig, Shaft Self, Renounce Religion, Depart the Abyss, Bend Space


You were on level 2 of the Dungeon.
You worshipped Lugonu.
Lugonu was pleased with you.
You visited 1 branch of the dungeon, and saw 2 of its levels.
You visited the Abyss 1 time.

You collected 75 gold pieces.

Inventory:

Hand Weapons
 a - a +1 falchion (weapon)
Armour
 b - a +0 leather armour (worn)
Scrolls
 g - a scroll of identify {unknown}
Potions
 c - 4 potions of curing {unknown}
 e - a potion of flight {unknown}
 f - a potion of resistance {unknown}


   Skills:
 + Level 3.7 Fighting
 * Level 3.0 Long Blades
 + Level 2.8 Armour
 + Level 1.6 Dodging
 + Level 2.9 Invocations


You had 3 spell levels left.
You didn't know any spells.
Your spell library contained the following spells:

 Spells                   Type           Power      Damage    Failure   Level
 Beastly Appendage        Tmut           0%         N/A       38%         1
 Wereblood                Tmut           0%         N/A       54%         2
 Spider Form              Tmut/Pois      0%         N/A       77%         3
 Ice Form                 Ice/Tmut       0%         N/A       99%         4
 Hydra Form               Tmut           0%         N/A       100%        5


Dungeon Overview and Level Annotations

Branches:
Dungeon (2/15)

Altars:


Innate Abilities, Weirdness & Mutations

You cannot be hasted, slowed, berserked, paralysed or teleported.
You can dig through walls and to a lower floor.
You have a pair of large antennae on your head. (SInv)
Your four strong arms can wield two-handed weapons with a shield.


Message History

The orc wizard is almost dead.
The orc wizard closely misses you.
You hit the orc wizard but do no damage.
The orc wizard is almost dead.
You bump into the rock wall.
The orc wizard points at you and mumbles some strange words.
You resist with some effort.
You miss the orc wizard.
The orc wizard is almost dead.
The orc wizard hits you with a +0 dagger.
The orc wizard barely misses you.
You bump into the rock wall.
The orc wizard hits you but does no damage.
You miss the orc wizard.
The orc wizard is almost dead.
You barely miss the orc wizard.
The orc wizard is almost dead.
You feel less confused.
The orc wizard hits you with a +0 dagger.
You slash the orc wizard!
You kill the orc wizard!
Lugonu accepts your kill.
Your Long Blades skill increases to level 3!
Things that are here:
a +0 dagger; a +0 robe You start resting.
An orc priest is nearby!
You hit the orc priest.
The orc priest is moderately wounded.
The orc priest invokes the aid of Beogh against you.
Pain shoots through your body!
You closely miss the orc priest.
The orc priest is moderately wounded.
The orc priest hits you with a +0 vorpal hand axe.
* * * LOW HITPOINT WARNING * * *
You closely miss the orc priest.
The orc priest is moderately wounded.
The orc priest calls down the wrath of Beogh upon you.
Beogh smites you!
You die...

.######.# #......#
.'......###......##
.#########........#
.# #.######.# .####
#.# #.#####o# ....#
#.# ##.{.....#
....# #.#
#.######## ....#
#.# ##o# ....# #.#
#@## ....#### #.#
### .......# #.#
####...###.####
.......#......#
######.#.#.##.#
.....#.#.#.>#.#
####.#.#....#.#
..##.#.######.#


You could see an orc priest.

Vanquished Creatures
  An orc wizard (D:2)
  An adder (D:2)
  A dart slug (D:1)
  3 endoplasms
  A giant cockroach (D:1)
  7 goblins
  4 hobgoblins
  8 jackals
  4 quokkas
  2 ball pythons
  3 bats
  2 frilled lizards
  2 kobolds
  3 rats (D:1)
42 creatures vanquished.

Notes
Turn   | Place    | Note
-------+----------+-------------------------------------------
     0 | Abyss:1  | kae the Formicid Abyssal Knight began the quest for the
                  | Orb.
     0 | Abyss:1  | Reached XP level 1. HP: 18/18 MP: 2/2
    81 | Abyss:1  | Noticed a large abomination
    81 | Abyss:1  | Noticed a neqoxec
    82 | D:1      | Escaped the Abyss
   162 | D:1      | Reached * piety under Lugonu
   163 | D:1      | Reached skill level 1 in Dodging
   168 | D:1      | Reached XP level 2. HP: 16/24 MP: 3/3
   686 | D:1      | Reached XP level 3. HP: 29/29 MP: 4/4
   702 | D:1      | Found a faded altar of an unknown god.
  1422 | D:2      | Reached XP level 4. HP: 33/37 MP: 6/6
  1863 | D:2      | Reached ** piety under Lugonu
  1963 | D:2      | Killed from afar by an orc priest

Illustrated notes

Levels and vault maps discovered:
D:1:      roderic_crossed_star, layout_loops_ring, serial_glass,
          glass_columns_c, glass_columns_a, hellmonk_ecumenical_altar_lost_god
D:2:      layout_basic, minmay_bisected

Skill      XL: |  1  2  3  4 |
---------------+-------------+-----
Dodging        | 1 |  1.6
Long Blades    | 3 |  3.0
Fighting       | |  3.7
Armour         | |  2.8
Invocations    | |  2.9

Action                   |  1- 3 |  4- 6 || total
-------------------------+-------+-------++-------
Melee: Falchion          |    78 |    29 ||   107
Invok: Depart the Abyss  |     1 |       ||     1
 Abil: Dig               |       |     1 ||     1
  Use: Scroll            |     1 |       ||     1
       Potion            |       |     1 ||     1
 Stab: Sleeping          |     1 |       ||     1
Armor: Leather armour    |    19 |     2 ||    21
Dodge: Dodged            |    71 |     9 ||    80
       Rpst.: Falchion   |    22 |     2 ||    24

Table legend: (Time is in decaauts)
 A = Elapsed time spent in this place.
 B = Non-inter-level travel time spent in this place.
 C = Inter-level travel time spent in this place.
 D = Time resting spent in this place.
 E = Time spent auto-exploring this place.
 F = Levels seen in this place.
 G = Mean time per level.
                   A        B        C        D        E       F      G
               +--------+--------+--------+--------+--------+-----+--------+
         Total |   1981 |   1930 |     51 |    240 |   1419 |   3 |  660.3 |
       Dungeon |   1899 |   1848 |     51 |    240 |   1342 |   2 |  949.5 |
         Abyss |     82 |     82 |      0 |      0 |     77 |   1 |   82.0 |
               +--------+--------+--------+--------+--------+-----+--------+

Top non-repeatable levels by time:
     D:1: 1118 daAuts
     D:2: 780 daAuts
 Abyss:1: 82 daAuts
